 Dungeon Crawl Stone Soup version 0.28-a0-723-g095bd1b44f (webtiles) character file.

Game seed: 5007870366371436240

4584 blank1 the Fighter (level 10, 0/89 (96) HPs)
             Began as a Minotaur Fighter on Oct 26, 2021.
             Was an Elder of Wu Jian.
             Succumbed to a hornet's poison
             ... on level 7 of the Dungeon.
             The game lasted 00:14:36 (8489 turns).

blank1 the Fighter (Minotaur Fighter)               Turns: 8489, Time: 00:14:36

HP:   0/89 (96)     AC: 16    Str: 24    XL:     10   Next: 18%
MP:   9/9           EV:  8    Int: 11    God:    Wu Jian [****..]
Gold: 184           SH:  5    Dex: 10    Spells: 9/9 levels left

rFire   . . .      SeeInvis .   B - +4 war axe (freeze)
rCold   . . .      Faith    .   c - +0 buckler
rNeg    . . .      Spirit   .   q - +0 plate armour
rPois   .          Reflect  .   (helmet restricted)
rElec   .          Harm     .   m - +0 cloak
rCorr   .          Rampage  .   w - +0 pair of gloves
Will    .....                   (no boots)
Stlth   ..........              (no amulet)
HPRegen 0.24/turn               p - +6 ring of intelligence
MPRegen 0.11/turn               C - ring of flight

@: lethally poisoned (0 -> -16), attractive, flying, slowed, drained, very slow
A: horns 2, retaliatory headbutt
a: Renounce Religion, Wall Jump, Serpent's Lash


You were on level 7 of the Dungeon.
You worshipped Wu Jian.
Wu Jian was greatly pleased with you.
You visited 1 branch of the dungeon, and saw 7 of its levels.
You also visited: Ossuary.

You collected 467 gold pieces.
You spent 283 gold pieces at shops.

Inventory:

Hand Weapons
 a - a +1 war axe of freezing
 i - a +0 flail of protection
 B - a +4 war axe of freezing (weapon)
Armour
 c - a +0 buckler (worn)
 m - a +0 cloak (worn)
 q - a +0 plate armour (worn)
 w - a +0 pair of gloves (worn)
Jewellery
 p - a +6 ring of intelligence (left hand)
 C - a ring of flight (right hand)
Wands
 b - a wand of digging (2)
 l - a wand of mindburst (16)
 r - a wand of paralysis (10)
 x - a wand of flame (17)
 I - a wand of iceblast (7)
Scrolls
 f - 2 scrolls of enchant weapon
 h - 4 scrolls of teleportation
 k - a scroll of magic mapping
 t - 2 scrolls of silence
 u - a scroll of fear
 y - 2 scrolls of summoning
 A - 2 scrolls of enchant armour {unknown}
 D - a scroll of holy word {unknown}
 E - a scroll of identify {unknown}
 F - a scroll of blinking {unknown}
Potions
 d - a potion of might
 e - 2 potions of brilliance {unknown}
 g - 2 potions of ambrosia {unknown}
 j - a potion of berserk rage {unknown}
 n - 2 potions of heal wounds {unknown}
 s - 4 potions of curing {unknown}
 z - 2 potions of flight {unknown}
 G - a potion of mutation {unknown}
 H - a potion of haste


   Skills:
 + Level 11.2 Fighting
 + Level 11.2 Axes
 - Level 8.0 Armour
 + Level 3.8 Dodging
 - Level 5.0 Shields
 - Level 1.0 Evocations


You had 9 spell levels left.
You didn't know any spells.
Your spell library contained the following spells:

 Spells                   Type           Power      Damage    Failure   Level
 Conjure Flame            Conj/Fire      0%         6-21      100%        3
 Gell's Gravitas          Tloc           0%         N/A       100%        3
 Ignite Poison            Fire/Tmut/Pois 0%         N/A       100%        3
 Inner Flame              Hex/Fire       0%         N/A       100%        3
 Lesser Beckoning         Tloc           0%         N/A       100%        3
 Portal Projectile        Hex/Tloc       0%         N/A       100%        3
 Teleport Other           Tloc           0%         N/A       100%        3
 Cause Fear               Hex            0%         N/A       100%        4
 Sticky Flame             Conj/Fire      0%         2d3       100%        4
 Blade Hands              Tmut           0%         N/A       100%        5
 Excruciating Wounds      Necr           0%         N/A       100%        5
 Discord                  Hex            0%         N/A       100%        8


Dungeon Overview and Level Annotations

Branches:
Dungeon (7/15)             Temple (0/1) D:4         Ossuary (visited)

Altars:
Cheibriados
Dithmenos
Elyvilon
Makhleb
Ru
Trog
Vehumet
Wu Jian
Yredelemnul
The Shining One

Shops:
D:1 *   D:6 (

Annotations:
D:7 2 transporters, Pooter's ghost, novice MiBe


Innate Abilities, Weirdness & Mutations

You have a pair of horns on your head.
You reflexively headbutt those who attack you in melee.


Message History

Unknown command.
You are too injured to fight recklessly!
Unknown command.
You are too injured to fight recklessly!
Unknown command.
You are too injured to fight recklessly!
Unknown command.
You hit the hornet but do no damage.
The hornet is heavily wounded.
You feel very sick. The hornet stings you!
You feel as though you will be slow longer.
The hornet stings you but does no damage.
You completely miss the hornet. Your headbutt misses the hornet.
The hornet is heavily wounded.
You feel sick. The hornet stings you.
* * * LOW HITPOINT WARNING * * *
You are more poisoned.
You feel as though you will be slow longer.
The hornet barely misses you. You furiously retaliate!
You headbutt the hornet. The hornet stings you.
* * * LOW HITPOINT WARNING * * *
You suddenly lose the ability to move!
You can move again.
You hit the hornet but do no damage. Your headbutt misses the hornet.
The hornet is severely wounded.
You feel very sick. The hornet barely misses you. The hornet stings you.
* * * LOW HITPOINT WARNING * * *
You are lethally poisoned!
You feel as though you will be slow longer.
Unknown command.
Okay, then.
As you read the scroll of fear, it crumbles to dust.
You assume a fearsome visage.
The hornet looks frightened!
* * * LOW HITPOINT WARNING * * *
You feel extremely sick.
It was a potion of attraction.
You feel attractive to monsters.
You die...

#####....#.#.....#.#..........#
..##..#..#$.#...#Z.#..........#
#........#©...).o5F#.........##
.....[...##8.$)OW8##........##
..........#########....######
[<#####.......©.......##*********
..######.............## *,,,,,,,,
..........####.#.#...# *,,,,,,,,
.............y..@....# *,,,,,,,,
..#...............#.## *,,,,,,,,
..#####..#........#.# *,,,,,,,,
..##....#...####....####*,,,,,,,,
#.....#...###,,#........,,,,,,,,,
........###*,,,#....####*,,,,,,,,
.#....###°,*,,,#....# *****,****
...####.O:,***,#....## *,,,,,,,,,
.###.....#,,,*,#...<.###...,,,,,,


You could see a two-headed ogre, a hornet (fleeing), a bullfrog, Pooter's ghost,
a white imp, an orc and a bullfrog skeleton.

Vanquished Creatures
  2 centaur zombies
  Prince Ribbit (D:6)
  2 wraiths (Ossuary)
  A shadow (D:6)
  A wyvern (D:7)
  Eustachio (D:4)
  A vampire mosquito (D:7)
  Edmund (D:4)
  3 water moccasins
  4 orc warriors
  A necrophage (D:4)
  A sky beast (D:7)
  An ogre (D:7)
  A centaur (D:7)
  A phantom (D:5)
  Blork the orc (D:4)
  A kobold brigand (D:7)
  2 bullfrogs (D:7)
  3 wyvern zombies (D:6)
  A gnoll sergeant (D:4)
  2 scorpions
  A water moccasin zombie (D:6)
  8 wights
  A howler monkey (D:7)
  5 orc priests
  4 hounds
  3 jellies
  Crazy Yiuf (D:2)
  A bullfrog skeleton (D:6)
  3 centaur skeletons
  2 gnoll shamans
  Natasha (twice) (D:3)
  An orc wizard (D:6)
  A killer bee zombie (D:6)
  2 adders
  12 gnolls
  A shadow imp (D:5)
  3 white imps
  An ufetubus (D:6)
  An adder zombie (Ossuary)
  2 dart slugs
  9 orcs
  8 bats
  5 endoplasms
  4 giant cockroaches
  3 goblins
  6 hobgoblins
  9 kobolds
  2 quokkas (D:3)
  3 ball pythons
  3 frilled lizards
  A hobgoblin skeleton (Ossuary)
  3 hobgoblin zombies (Ossuary)
  A kobold zombie (Ossuary)
  3 orc zombies (Ossuary)
  6 rats
  A spectral kobold (D:1)
154 creatures vanquished.

Notes
Turn   | Place    | Note
-------+----------+-------------------------------------------
     0 | D:1      | blank1 the Minotaur Fighter began the quest for the Orb.
     0 | D:1      | Reached XP level 1. HP: 19/19 MP: 0/0
   177 | D:1      | Reached XP level 2. HP: 27/27 MP: 1/1
   184 | D:1      | Found a faded altar of an unknown god.
   204 | D:1      | Prayed at the altar of an unknown god.
   204 | D:1      | Became a worshipper of the Wu Jian Council
   204 | D:1      | Reached * piety under Wu Jian
   334 | D:1      | Found Majarph's General Store.
   568 | D:1      | Reached skill level 1 in Dodging
   969 | D:2      | Reached XP level 3. HP: 33/33 MP: 2/2
  1208 | D:2      | Reached ** piety under Wu Jian
  1373 | D:2      | Found a runed translucent door.
  1374 | D:2      | Noticed Crazy Yiuf
  1708 | D:2      | Killed Crazy Yiuf
  1709 | D:2      | Reached XP level 4. HP: 41/41 MP: 3/3
  1868 | D:3      | Noticed Natasha
  1874 | D:3      | Killed Natasha
  2123 | D:3      | Found a glowing golden altar of the Shining One.
  2149 | D:3      | Noticed Natasha
  2154 | D:3      | Killed Natasha
  2321 | D:3      | Reached skill level 5 in Fighting
  2321 | D:3      | Reached XP level 5. HP: 35/48 MP: 4/4
  2942 | D:4      | Noticed a necrophage
  2950 | D:4      | Killed a necrophage
  2951 | D:4      | Reached skill level 5 in Axes
  3028 | D:4      | Noticed Edmund
  3032 | D:4      | Killed Edmund
  3033 | D:4      | Reached XP level 6. HP: 43/56 MP: 5/5
  3121 | D:4      | Noticed Blork the orc
  3132 | D:4      | Killed Blork the orc
  3209 | D:4      | Found a staircase to the Ecumenical Temple.
  3218 | D:4      | Noticed Eustachio
  3225 | D:4      | Killed Eustachio
  3226 | D:4      | Reached skill level 5 in Armour
  3226 | D:4      | Reached XP level 7. HP: 47/62 MP: 6/6
  3338 | D:4      | Identified the +1 robe "Toehumag" {Str+2}
  3434 | D:4      | Reached skill level 5 in Shields
  3702 | D:5      | Entered Level 5 of the Dungeon
  3828 | D:5      | Reached skill level 1 in Evocations
  4217 | D:5      | Found a white marble altar of Elyvilon.
  4359 | D:5      | Reached XP level 8. HP: 63/73 MP: 7/7
  4833 | D:5      | Found a snail-covered altar of Cheibriados.
  4838 | D:5      | Found a burning altar of Makhleb.
  4843 | D:5      | Found a shadowy altar of Dithmenos.
  4939 | D:5      | Found a sacrificial altar of Ru.
  5025 | D:5      | Found a bloodstained altar of Trog.
  5816 | D:6      | Found a basalt altar of Yredelemnul.
  5825 | D:6      | Noticed Prince Ribbit
  5849 | D:6      | Killed Prince Ribbit
  5850 | D:6      | Reached XP level 9. HP: 82/84 MP: 8/8
  5864 | D:6      | Reached *** piety under Wu Jian
  6081 | D:6      | Found Yronyi's Weapon Shoppe.
  6130 | D:6      | Found a radiant altar of Vehumet.
  6414 | D:6      | Reached skill level 10 in Fighting
  6414 | D:6      | Reached skill level 10 in Axes
  7048 | D:1      | Bought a +4 war axe of freezing for 283 gold pieces
  7255 | D:7      | Found a transporter.
  7255 | D:7      | Noticed a two-headed ogre
  7260 | D:7      | Noticed Pooter's ghost (novice MiBe)
  7303 | D:7      | Found a sand-covered staircase.
  7308 | Ossuary  | Entered an ossuary
  7981 | D:7      | Reached **** piety under Wu Jian
  7990 | D:7      | Reached XP level 10. HP: 88/95 MP: 9/9
  7999 | D:7      | Noticed a cyclops
  8001 | D:7      | Noticed a boulder beetle
  8003 | D:7      | Noticed a two-headed ogre
  8425 | D:7      | Found a transporter.
  8481 | D:7      | Paralysed by a hornet for 3 turns
  8486 | D:7      | Paralysed by a hornet for 1 turns
  8488 | D:7      | HP: 4/89 [poisoned by a hornet]
  8489 | D:7      | Succumbed to a hornet's poison

Illustrated notes

Levels and vault maps discovered:
D:1:      minmay_arrival_nine_rooms, layout_loops_ring, serial_shops,
          nicolae_shop_stone, dreamdust_ecumenical_altar_drowned_temple,
          hangedman_decor_opposing, hex_large
D:2:      layout_basic, hangedman_feature_mirror, minmay_tromino_v2,
          uniq_crazy_yiuf_cottage
D:3:      layout_rooms, nicolae_tso_carved_into_rock, serial_co_window_serial,
          co_window_paths_a, co_window_paths_a, co_window_paths_b,
          co_window_corner_a, co_window_paths_a, co_window_broadway_c,
          co_window_corner_ca, co_window_2corner, co_window_2corner,
          co_window_paths_c, co_window_sun, glass_columns_a, uniq_natasha
D:4:      layout_basic, minmay_temple_entry_statues_pillars, uniq_eustachio,
          uniq_edmund, uniq_blork_the_orc
D:5:      layout_loops_corners, lemuel_crystal_altar, mainiacjoe_overflow_swirl,
          minmay_overflow_temple_star_quad
D:6:      layout_basic, vehumet_altar_wand_db, general_overflow_altar,
          serial_shops, shop, uniq_prince_ribbit1
D:7:      minmay_the_grid_triangle_9x9_rhombus_thin
          [minmay_the_grid_triangle_9x9_from_above,
          minmay_the_grid_triangle_9x9_prize_schism,
          minmay_the_grid_triangle_9x9_pentomino_pain,
          minmay_the_grid_triangle_9x9_flanged_cone], layout_rooms,
          gammafunk_ghost_arena, enter_ossuary_2

Skill      XL: |  1  2  3  4  5  6  7  8  9 10 |
---------------+-------------------------------+-----
Dodging        | 1 2 3 |  3.8
Shields        | 4 5 |  5.0
Fighting       | 4 5 7 9 11 | 11.2
Armour         | 4 5 6 7 8 |  8.0
Axes           | 3 4 5 7 9 11 | 11.2
Evocations     | 1 |  1.0

Action                   |  1- 3 |  4- 6 |  7- 9 | 10-12 || total
-------------------------+-------+-------+-------+-------++-------
Melee: War axe           |    85 |    47 |   273 |    34 ||   439
       Headbutt          |    10 |    14 |    63 |     5 ||    92
Invok: Lunge             |     9 |     5 |    15 |     1 ||    30
       Whirlwind         |     2 |       |    11 |     1 ||    14
  Use: Scroll            |     2 |     5 |     5 |     1 ||    13
       Potion            |       |       |       |     1 ||     1
Armor: Scale mail        |    40 |       |       |       ||    40
       Chain mail        |     2 |    16 |       |       ||    18
       Plate armour      |       |       |   109 |    26 ||   135
Dodge: Dodged            |    38 |    19 |    68 |    22 ||   147
Block: Buckler           |    19 |     3 |    56 |     9 ||    87

Table legend: (Time is in decaauts)
 A = Elapsed time spent in this place.
 B = Non-inter-level travel time spent in this place.
 C = Inter-level travel time spent in this place.
 D = Time resting spent in this place.
 E = Time spent auto-exploring this place.
 F = Levels seen in this place.
 G = Mean time per level.
                   A        B        C        D        E       F      G
               +--------+--------+--------+--------+--------+-----+--------+
         Total |   8571 |   8003 |    568 |   1169 |   5597 |   8 | 1071.4 |
       Dungeon |   8171 |   7603 |    568 |   1010 |   5464 |   7 | 1167.3 |
       Ossuary |    400 |    400 |      0 |    159 |    133 |   1 |  400.0 |
               +--------+--------+--------+--------+--------+-----+--------+

Top non-repeatable levels by time:
     D:6: 2046 daAuts
     D:5: 1653 daAuts
     D:3: 1210 daAuts
     D:1: 1072 daAuts
     D:2: 904 daAuts
     D:4: 806 daAuts
     D:7: 476 daAuts
 Ossuary: 400 daAuts
